 Dungeon Crawl Stone Soup version 0.27.1-2-g3b301248ec (webtiles) character file.

Game seed: 5943944218280830540

131422 jeko the Severer (level 17, -31/144 HPs)
             Began as a Hill Orc Monk on Sept 28, 2021.
             Was the Champion of Zin.
             Killed from afar by a deep elf annihilator (36 damage)
             ... with a bolt of lightning
             ... on level 1 of the Elven Halls on Sept 30, 2021.
             The game lasted 03:38:03 (40792 turns).

jeko the Severer (Hill Orc Monk)                   Turns: 40792, Time: 03:38:05

Health: -31/144    AC: 32    Str: 32    XL:     17   Next: 10%
Magic:  24/26      EV: 13    Int: 14    God:    Zin [******]
Gold:   1015       SH: 16    Dex: 21    Spells: 16/16 levels left

rFire    . . .     SeeInvis .   a - +2 war axe (spect)
rCold    x . .     Faith    .   k - +0 kite shield
rNeg     . . .     Spirit   .   H - +4 plate armour of the Slorg {rC- rCorr Str+8 Dex-3}
rPois    ∞         Reflect  .   o - +0 helmet
rElec    .         Harm     .   K - +1 cloak
rCorr    +         Rampage  .   O - +0 pair of gloves
Will     +....                  (no boots)
Stlth    ..........             (no amulet)
HPRegen  0.34/turn              e - +6 ring of dexterity
MPRegen  0.20/turn              y - +4 ring of protection

@: vitalised, studying Hexes
A: no striking features
a: Renounce Religion, Recite, Vitalisation, Imprison, Sanctuary, Donate Gold


You were on level 1 of the Elven Halls.
You worshipped Zin.
Zin was exalted by your worship.
You visited 7 branches of the dungeon, and saw 27 of its levels.
You also visited: Ossuary and Bailey.

You collected 2565 gold pieces.
You spent 833 gold pieces at shops.
You donated 717 gold pieces to Zin.

Inventory:

Hand Weapons
 a - a +2 spectral war axe (weapon)
 b - the +3 broad axe of Brutal Revenge {flame, Will+}
   (You acquired it on level 14 of the Dungeon)

   It burns those it strikes, dealing additional fire damage.
   Big, fiery blades are also staple armaments of hydra-hunters.
   Will:      It increases your willpower.
 l - a +7 war axe of flaming
 P - a +3 war axe of electrocution
 Q - a +1 vorpal battleaxe
 V - a +0 broad axe
 W - a +1 executioner's axe of flaming
Missiles
 D - 3 throwing nets (quivered)
Armour
 k - a +0 kite shield (worn)
 o - a +0 helmet (worn)
 E - a scarf of repulsion
 H - the +4 plate armour of the Slorg (worn) {rC- rCorr Str+8 Dex-3}
   (You bought it in a shop on level 2 of the Orcish Mines)

   Str:       It affects your strength (+8).
   Dex:       It affects your dexterity (-3).
   rC:        It makes you vulnerable to cold.
   rCorr:     It protects you from acid and corrosion.
 K - a +1 cloak (worn)
 O - a +0 pair of gloves (worn)
Jewellery
 e - a +6 ring of dexterity (left hand)
 j - a ring of resist corrosion
 q - a ring of flight
 y - a +4 ring of protection (right hand)
 L - the ring of Amorality {Fly rC- rCorr Int+4}
   (You found it on level 14 of the Dungeon)

   [ring of resist corrosion]

   Int:       It affects your intelligence (+4).
   rC:        It makes you vulnerable to cold.
   Fly:       It grants you flight.
   rCorr:     It protects you from acid and corrosion.
 R - a ring of willpower
 S - a +4 ring of evasion
Wands
 d - a wand of mindburst (11)
 g - a wand of acid (7)
 h - a wand of iceblast (34)
 n - a wand of digging (3)
 U - a wand of flame (35)
Scrolls
 f - a scroll of brand weapon
 v - 5 scrolls of enchant armour
 x - 2 scrolls of immolation
 C - 3 scrolls of blinking
 F - a scroll of amnesia
 G - 3 scrolls of fog
 I - 7 scrolls of teleportation
 J - 2 scrolls of identify
 M - a scroll of holy word
 X - a scroll of fear
 Z - a scroll of silence
Potions
 c - 2 potions of brilliance
 i - 6 potions of haste
 m - a potion of mutation
 p - a potion of invisibility
 r - 3 potions of magic
 t - a potion of ambrosia
 u - a potion of flight
 w - 3 potions of resistance
 z - 5 potions of cancellation
 A - 3 potions of lignification
 N - 9 potions of curing
 T - 2 potions of berserk rage


   Skills:
 - Level 11.5 Fighting
 + Level 20.4 Axes
 - Level 17.2 Armour
 - Level 7.7 Dodging
 - Level 1.6 Stealth
 - Level 15.0 Shields
 - Level 13.1 Invocations


You had 16 spell levels left.
You didn't know any spells.
Your spell library contained the following spells:

 Spells                   Type           Power      Damage    Failure   Level
 Magic Dart               Conj           0%         1d3       77%         1
 Blink                    Tloc           N/A        N/A       88%         2
 Searing Ray              Conj           0%         3d3       88%         2
 Static Discharge         Conj/Air       0%         N/A       88%         2
 Dazzling Flash           Conj/Hex       0%         N/A       98%         3
 Lesser Beckoning         Tloc           0%         N/A       98%         3
 Stone Arrow              Conj/Erth      0%         3d7       98%         3
 Summon Guardian Golem    Hex/Summ       0%         N/A       98%         3
 Dispel Undead            Necr           0%         3d6       100%        4
 Fulminant Prism          Conj/Hex       0%         3d6       100%        4
 Hailstorm                Conj/Ice       0%         3d3       100%        4
 Ice Form                 Ice/Tmut       0%         N/A       100%        4
 Iskenderun's Mystic Bla  Conj/Tloc      0%         2d3       100%        4
 Olgreb's Toxic Radiance  Pois           0%         N/A       100%        4
 Sticky Flame             Conj/Fire      0%         2d3       100%        4
 Agony                    Necr           0%         N/A       100%        5
 Alistair's Intoxication  Tmut/Pois      0%         N/A       100%        5
 Bolt of Magma            Conj/Fire/Erth 0%         4d4       100%        5
 Borgnjor's Vile Clutch   Necr/Erth      0%         N/A       100%        5
 Fireball                 Conj/Fire      0%         3d3       100%        5
 Iskenderun's Battlesphe  Conj           0%         2d6       100%        5
 Lightning Bolt           Conj/Air       0%         1d11      100%        5
 Manifold Assault         Tloc           0%         N/A       100%        5
 Silence                  Hex/Air        0%         N/A       100%        5
 Conjure Ball Lightning   Conj/Air       0%         3x3d6     100%        6
 Eringya's Noxious Bog    Tmut/Pois      0%         N/A       100%        6
 Simulacrum               Ice/Necr       0%         N/A       100%        6
 Starburst                Conj/Fire      0%         6d3       100%        6
 Orb of Destruction       Conj           0%         N/A       100%        7
 Spellforged Servitor     Conj/Summ      0%         N/A       100%        7
 Storm Form               Tmut/Air       0%         N/A       100%        7
 Shatter                  Erth           0%         3d5*      100%        9


Dungeon Overview and Level Annotations

Branches:
Dungeon (15/15)            Temple (1/1) D:6            Lair (6/6) D:11
  Swamp (1/4) Lair:2        Snake (0/4) Lair:2          Orc (2/2) D:9
    Elf (1/3) Orc:2        Vaults (0/5) D:14         Depths (1/5) D:15
Ossuary (visited)          Bailey (visited)
  Slime: Lair:5-6

Altars:
Ashenzari
Cheibriados
Dithmenos
Elyvilon
Fedhas
Gozag
Hepliaklqana
Kikubaaqudgha
Makhleb
Nemelex Xobeh
Okawaru
Qazlal
Ru
Sif Muna
Trog
Uskayaw
Vehumet
Wu Jian
Xom
Yredelemnul
Zin
The Shining One
Beogh

Shops:
D:1 =((*   Orc:1 (   Orc:2 [**=*(

Annotations:
Depths:1 the Enchantress


Message History

You hit the deep elf annihilator but do no damage.
The deep elf annihilator is lightly wounded.
Your +2 spectral war axe barely misses the deep elf annihilator.
The deep elf annihilator casts a spell.
The deep elf annihilator blinks!
The deep elf zephyrmancer barely misses your +2 spectral war axe.
You are ready to recite again.
The deep elf annihilator misses you.
Things that are here:
a +0 long sword; a +0 leather armour You slash the deep elf annihilator!
The deep elf annihilator is moderately wounded.
You miss the deep elf zephyrmancer.
Your +2 spectral war axe hits the deep elf zephyrmancer!
You block the deep elf annihilator's attack.
The deep elf zephyrmancer hits your +2 spectral war axe with a +0 dagger.
Your spectral weapon shares its damage with you!
You hit the deep elf annihilator but do no damage.
The deep elf annihilator is moderately wounded.
You catch the helpless deep elf zephyrmancer completely off-guard!
You hit the deep elf zephyrmancer.
Your +2 spectral war axe hits the deep elf zephyrmancer!
You kill the deep elf zephyrmancer!
The deep elf annihilator points at you and mumbles some strange words.
The bolt of lightning hits you!! The bolt of lightning hits you!
Okay, then.
Unknown command.
Zin grants you divine stamina.
You block the deep elf annihilator's attack.
You closely miss the deep elf annihilator.
The deep elf annihilator is moderately wounded.
Your +2 spectral war axe hits the deep elf annihilator!
You slash the deep elf annihilator!
The deep elf annihilator is severely wounded.
Your +2 spectral war axe hits the deep elf annihilator.
The deep elf annihilator gestures at you while chanting.
The bolt of lightning hits you!!!
* * * LOW HITPOINT WARNING * * *
The bolt of lightning hits you!!!
You die...

##.. #.. ..?
#.. . #.. ...
.. #..###
..#.# #....#
...
#.#)####'####.
+...).).....!.
#..)..).#.####
####)(@)).#
#..e#### #..!#
#####


You could see a deep elf annihilator and a friendly +2 spectral war axe
(summoned).

Vanquished Creatures
  Rupert (Lair:6)
  Gastronok (Lair:2)
  Kirke (D:12)
  An orc warlord (Orc:2)
  The ghost of Amplified the Spear-Bearer, a journeyman MfIE of Sif Muna (Orc:2)
  A spriggan defender (D:15)
  A bunyip (Lair:2)
  The ghost of Lett1 the Severer, a journeyman MiBe of Trog (Orc:2)
  An ettin (D:15)
  Snorg (Lair:2)
  Josephine (Orc:1)
  A great orb of eyes (D:12)
  12 hydras
  5 boulder beetles
  8 centaur warriors
  4 dancing weapons
  A death knight (D:14)
  6 two-headed ogres
  A catoblepas (Lair:5)
  2 death yaks (Lair:5)
  3 tengu warriors
  An orc high priest (Orc:2)
  A spriggan berserker (Lair:2)
  5 hell knights
  Urug (Lair:2)
  Sonja (Lair:1)
  2 spriggans (Swamp:1)
  9 skeletal warriors
  An obsidian statue (D:9)
  A lindwurm (Lair:6)
  4 wizards
  8 orc knights
  3 deep elf zephyrmancers (Elf:1)
  3 necromancers (D:12)
  4 ugly things
  5 deep elf pyromancers (Elf:1)
  6 manticores
  10 cyclopes
  Pikel (D:7)
  3 orc sorcerers (Orc:2)
  4 oklob plants (Lair:5)
  A wolf spider (shapeshifter) (D:13)
  Joseph (D:8)
  3 elephants
  4 rust devils
  2 black mambas
  2 gargoyles
  2 kobold demonologists (D:12)
  14 cane toads
  An orange demon (D:12)
  5 rime drakes
  2 unseen horrors (D:12)
  9 komodo dragons
  An efreet (D:14)
  A freezing wraith (D:9)
  3 polar bears (Lair:5)
  2 tyrant leeches
  A queen bee (shapeshifter) (D:15)
  6 trolls
  3 meliai
  3 hornets
  6 slime creatures
  4 dream sheep (Lair:5)
  36 blink frogs
  3 shadows
  A tarantella (shapeshifter) (D:14)
  4 vampires
  8 wraiths
  10 wyverns
  45 yaks
  7 hogs (D:12)
  8 basilisks
  8 vampire mosquitoes
  2 wargs (Orc:1)
  4 steam dragons
  2 swamp worms (Lair:2)
  2 nagas (Lair:2)
  12 water moccasins
  7 hell hounds (D:12)
  3 sky beasts
  An ice beast (D:7)
  42 orc warriors
  2 black bears (D:6)
  A necrophage (D:5)
  10 ogres
  A wolf (shapeshifter) (D:14)
  4 centaurs
  9 wolves
  2 lemures (D:7)
  2 phantoms
  12 bullfrogs
  2 kobold brigands (D:9)
  An earth elemental (Elf:1)
  2 scorpions (D:4)
  2 wyvern skeletons
  41 killer bees
  A wight (D:9)
  3 electric eels (Lair:1)
  2 centaur zombies
  3 howler monkeys (D:7)
  3 bullfrog zombies
  13 orc priests
  3 jellies
  A centaur skeleton (D:7)
  4 hounds
  An iron imp (D:9)
  12 orc wizards
  2 iguanas
  3 mummies
  A hound skeleton (D:4)
  Robin (D:4)
  A howler monkey zombie (D:8)
  9 gnolls
  A howler monkey skeleton (D:4)
  6 adders
  2 white imps
  A worm (D:4)
  2 dart slugs
  74 orcs
  9 ball pythons
  3 bats
  A bat zombie (D:9)
  11 endoplasms
  2 giant cockroaches
  A gnoll zombie (Ossuary)
  13 hobgoblins
  6 jackals
  27 kobolds
  3 quokkas
  5 frilled lizards (D:1)
  26 goblins
  5 goblin zombies (Ossuary)
  4 hobgoblin zombies
  6 orc zombies
  5 rats
  2 rat zombies (D:9)
777 creatures vanquished.

Vanquished Creatures (others)
  44 fungi
  78 plants
122 creatures vanquished.

Grand Total: 899 creatures vanquished

Notes
Turn   | Place    | Note
-------+----------+-------------------------------------------
     0 | D:1      | jeko the Hill Orc Monk began the quest for the Orb.
     0 | D:1      | Reached XP level 1. HP: 19/19 MP: 1/1
   124 | D:1      | Found Puofrit's Antique Weapon Emporium.
   147 | D:1      | Found a faded altar of an unknown god.
   208 | D:1      | Became a worshipper of Zin the Law-Giver
   208 | D:1      | Reached * piety under Zin
   208 | D:1      | Reached ** piety under Zin
   390 | D:2      | Reached XP level 2. HP: 13/27 MP: 2/2
   576 | D:1      | Found Luecaif's General Store.
  1138 | D:1      | Reached XP level 3. HP: 33/33 MP: 3/3
  1162 | D:1      | Reached *** piety under Zin
  1272 | D:1      | Found Hewnun's Weapon Shoppe.
  1418 | D:1      | Found Hipneu's Jewellery Shop.
  1431 | D:1      | Reached skill level 5 in Axes
  1573 | D:1      | Donated 26 gold pieces to Zin
  2136 | D:2      | Found a hazy altar of Hepliaklqana.
  2162 | D:2      | Reached **** piety under Zin
  2238 | D:2      | Reached XP level 4. HP: 32/41 MP: 4/4
  3067 | D:3      | Reached skill level 5 in Fighting
  3098 | D:3      | Found a white marble altar of Elyvilon.
  3144 | D:3      | Reached skill level 6 in Axes
  3144 | D:3      | Reached XP level 5. HP: 44/48 MP: 5/5
  3176 | D:3      | Found a broken altar of Ashenzari.
  3718 | D:4      | Noticed an ogre
  3724 | D:4      | Killed an ogre
  3725 | D:4      | Reached skill level 7 in Axes
  3725 | D:4      | Reached XP level 6. HP: 50/56 MP: 6/6
  3727 | D:4      | Noticed Robin
  3736 | D:4      | Killed Robin
  3749 | D:4      | Found a sand-covered staircase.
  3755 | Ossuary  | Entered an ossuary
  3783 | Ossuary  | Reached skill level 8 in Axes
  3806 | Ossuary  | Reached ***** piety under Zin
  4075 | D:4      | Reached skill level 9 in Axes
  4075 | D:4      | Reached XP level 7. HP: 34/61 MP: 7/7
  4421 | D:4      | Reached skill level 10 in Axes
  4726 | D:5      | Entered Level 5 of the Dungeon
  4756 | D:5      | Found a radiant altar of Vehumet.
  4786 | D:5      | Reached skill level 11 in Axes
  4786 | D:5      | Reached XP level 8. HP: 68/69 MP: 8/8
  4819 | D:5      | Found a burning altar of Makhleb.
  4819 | D:5      | Noticed a blizzard demon
  5075 | D:5      | Reached skill level 12 in Axes
  5137 | D:5      | Reached ****** piety under Zin
  5761 | D:6      | Reached skill level 13 in Axes
  5831 | D:6      | Found a sparkling altar of Nemelex Xobeh.
  5844 | D:6      | Found a staircase to the Ecumenical Temple.
  5847 | D:6      | Reached XP level 9. HP: 74/74 MP: 9/9
  5860 | Temple   | Entered the Ecumenical Temple
  6075 | D:6      | Reached skill level 14 in Axes
  6319 | D:6      | Found a blossoming altar of Fedhas.
  6379 | D:6      | Found a glowing golden altar of the Shining One.
  6673 | D:7      | Noticed a boulder beetle
  6790 | D:7      | Noticed Pikel
  6800 | D:7      | Killed Pikel
  6801 | D:7      | Reached skill level 15 in Axes
  7043 | D:8      | Reached skill level 16 in Axes
  7043 | D:8      | Reached skill level 1 in Armour
  7052 | D:8      | Reached XP level 10. HP: 54/82 MP: 10/10
  7202 | D:8      | Found a bloodstained altar of Trog.
  7209 | D:8      | Noticed a two-headed ogre
  7216 | D:8      | HP: 3/82 [two-headed ogre (22)]
  7228 | D:8      | Killed a two-headed ogre
  7624 | D:8      | Identified the -7 hat "Teote" {rC+ Regen+}
  7873 | D:8      | Noticed Joseph
  8280 | D:8      | Killed Joseph
  8816 | D:9      | Found a flagged portal.
  8828 | Bailey   | Entered a bailey
  8871 | Bailey   | Noticed an orc warlord
  9215 | Bailey   | Found a runed translucent gate.
  9217 | Bailey   | Found a runed translucent gate.
  9219 | Bailey   | Found a runed translucent gate.
  9842 | Bailey   | Reached XP level 11. HP: 88/88 MP: 10/17
  9891 | Bailey   | Acquired a manual of Armour
 10175 | D:9      | Noticed a two-headed ogre
 10190 | D:9      | Killed a two-headed ogre
 10535 | D:9      | Noticed an obsidian statue
 10544 | D:9      | Reached XP level 12. HP: 94/94 MP: 18/18
 10884 | D:9      | Found a staircase to the Orcish Mines.
 11197 | D:9      | Found an ancient bone altar of Kikubaaqudgha.
 11369 | D:9      | Found a snail-covered altar of Cheibriados.
 11591 | D:10     | Entered Level 10 of the Dungeon
 12007 | D:10     | Reached skill level 15 in Armour
 12079 | D:10     | Noticed a two-headed ogre
 12087 | D:10     | Killed a two-headed ogre
 12723 | D:7      | Killed a boulder beetle
 12974 | D:7      | You fall into a shaft and drop 1 floor!
 14724 | D:9      | Identified the +7 hunting sling "Demonslayer" {vorpal, Fly
                  | rC- Stlth+}
 15209 | D:11     | Found a staircase to the Lair.
 15235 | Lair:1   | Entered Level 1 of the Lair of Beasts
 15291 | D:11     | Noticed a boulder beetle
 15310 | D:11     | Killed a boulder beetle
 15518 | D:11     | Noticed a seven-headed hydra
 15772 | Orc:1    | Entered Level 1 of the Orcish Mines
 16528 | Orc:1    | Found Doxug's Antique Weapon Shop.
 16784 | Orc:2    | Entered Level 2 of the Orcish Mines
 16784 | Orc:2    | Found a staircase to the Elven Halls.
 16858 | Orc:2    | Noticed Josephine
 16880 | Orc:1    | Killed Josephine
 17048 | Orc:1    | Reached XP level 13. HP: 87/107 MP: 20/20
 17817 | Orc:2    | Donated 501 gold pieces to Zin
 17821 | Orc:2    | Found Fygiyxzach's Antique Armour Boutique.
 18195 | Orc:2    | Found Tushrat's Tempting Trifles.
 18201 | Orc:2    | Bought a translucent plate armour for 504 gold pieces
 18201 | Orc:2    | Identified the +4 plate armour of the Slorg {rC- rCorr
                  | Str+8 Dex-3} (You bought it in a shop on level 2 of the
                  | Orcish Mines)
 18225 | Orc:2    | Bought a scroll of teleportation for 39 gold pieces
 18252 | Orc:2    | Noticed an orc warlord
 19194 | Lair:1   | Reached skill level 10 in Invocations
 19224 | Lair:1   | Reached skill level 1 in Shields
 19484 | Lair:1   | Reached skill level 5 in Dodging
 19515 | Lair:1   | Noticed Sonja
 19551 | Lair:1   | Killed Sonja
 19983 | D:12     | Noticed Kirke
 20003 | D:12     | Killed Kirke
 22382 | D:12     | Found a runed translucent door.
 22454 | D:12     | Noticed a great orb of eyes
 22735 | D:12     | Reached skill level 5 in Shields
 23092 | D:12     | Reached skill level 10 in Fighting
 23167 | D:13     | Reached XP level 14. HP: 85/121 MP: 22/22
 26138 | D:12     | Identified the ring of Ehabrott {Fire Int+4}
 26828 | D:14     | Found a gate to the Vaults.
 26954 | D:14     | Identified the +1 chain mail of Limited Liability {Will+
                  | Dex-4 SInv}
 27199 | D:14     | Identified the ring of Amorality {Fly rC- rCorr Int+4}
 27282 | D:14     | Reached XP level 15. HP: 44/130 MP: 24/24
 27847 | D:14     | Got the Tome of Damaging Toxins
 28000 | D:15     | Entered Level 15 of the Dungeon
 28079 | D:14     | Acquired the +3 broad axe of Brutal Revenge {flame, Will+}
 28131 | D:11     | Reached skill level 10 in Shields
 28672 | D:11     | Paralysed by a hornet for 1 turns
 30055 | Lair:2   | Noticed Gastronok
 30075 | Lair:2   | Killed Gastronok
 30369 | Lair:2   | Found a staircase to the Swamp.
 30457 | Lair:2   | Noticed Urug
 30469 | Lair:2   | Killed Urug
 30694 | Lair:2   | Found a staircase to the Snake Pit.
 31519 | Lair:3   | Reached skill level 17 in Axes
 31846 | Lair:3   | Noticed Snorg
 31899 | Lair:2   | Killed Snorg
 34359 | Lair:5   | Reached XP level 16. HP: 138/138 MP: 25/25
 34723 | Lair:5   | Reached skill level 18 in Axes
 35540 | Lair:6   | Entered Level 6 of the Lair of Beasts
 35954 | Lair:6   | Noticed Rupert
 35964 | Lair:6   | Killed Rupert
 37002 | Orc:2    | Found Kaeduec's Antique Weapon Emporium.
 37157 | Orc:2    | Found Laintimo's Mayhem Merchandise.
 37165 | Orc:2    | Found Zaub's Jewellery Boutique.
 37209 | Orc:2    | Found a roughly hewn altar of Beogh.
 37287 | Orc:2    | Reached skill level 15 in Shields
 37515 | Orc:2    | Found a runed translucent gate.
 37516 | Orc:2    | Found a runed translucent gate.
 37516 | Orc:2    | Found a runed translucent gate.
 37516 | Orc:2    | Noticed Amplified's ghost (journeyman MfIE)
 37517 | Orc:2    | Noticed Lett1's ghost (journeyman MiBe)
 37536 | Orc:2    | Killed Amplified's ghost
 37549 | Orc:2    | Killed Lett1's ghost
 37598 | Orc:2    | Found Byphaxt's General Store.
 37606 | Orc:2    | Bought a scroll of silence for 75 gold pieces
 37606 | Orc:2    | Bought a scroll of teleportation for 30 gold pieces
 37606 | Orc:2    | Bought a scroll of torment for 75 gold pieces
 37606 | Orc:2    | Bought a scroll of identify for 20 gold pieces
 37758 | Elf:1    | Entered Level 1 of the Elven Halls
 38079 | Swamp:1  | Entered Level 1 of the Swamp
 38439 | Swamp:1  | Reached skill level 19 in Axes
 39920 | D:15     | Found Zin's Purification Station.
 39923 | D:15     | Found a glowing silver altar of Zin.
 39936 | D:15     | Bought a potion of curing for 90 gold pieces
 40179 | D:15     | Found a staircase to the Depths.
 40337 | Depths:1 | Entered Level 1 of the Depths
 40337 | Depths:1 | Noticed the Enchantress
 40353 | D:15     | Reached skill level 20 in Axes
 40612 | Elf:1    | Paralysed by an air elemental for 1 turns
 40615 | Elf:1    | Paralysed by an air elemental for 1 turns
 40623 | Elf:1    | Reached XP level 17. HP: 90/144 MP: 26/26
 40792 | Elf:1    | HP: 5/144 [deep elf annihilator/bolt of lightning (45)]
 40792 | Elf:1    | Killed from afar by a deep elf annihilator

Illustrated notes

Levels and vault maps discovered:
D:1:      psy_arrival_fountain, layout_loops_ring,
          hellmonk_ecumenical_altar_prayer_group, serial_shops,
          nicolae_shop_window_shopping, nicolae_shop_waterfront, shop, shop,
          corner_web_ring, grunt_decor_arrowhead
D:2:      layout_loops_ring, basic_altar, minmay_pentomino_pile
D:3:      layout_rooms, elyvilon_altar_3, evilmike_ruin_ashenzari,
          serial_corexii_hall, corexii_hall_statues_u,
          chequers_hall_statues_wall_a, corexii_hall_statues_x
D:4:      layout_gridville, nicolae_ossuary_entry_giza, uniq_robin
D:5:      layout_loops_cross, makhleb_altar_promises_db,
          mainiacjoe_overflow_chevrons
D:6:      cheibrodos_iron_armory, layout_gridville, kennysheep_mini,
          amethyst_overflow_temple_binary, minmay_temple_entry_overgrown
D:7:      layout_loops_cross, uniq_pikel
D:8:      layout_basic, trog_book, uniq_joseph
D:9:      minmay_opposing_rooms, layout_loops_corners,
          lemuel_zombie_altar_kikubaaqudgha, slow_altar_2, david_orc_2,
          enter_bailey_4, minivault_16
D:10:     layout_cave_pools
D:11:     layout_roguey [special_room_orc], lair_entry_dummy
D:12:     mludivico_vault, layout_stronghold,
          hangedman_abyss_or_decor_lesser_grid, uniq_kirke
D:13:     minmay_the_grid_octo_tiled_octocenter_mashed
          [minmay_the_grid_octo_toaster, minmay_the_grid_octo_clover,
          minmay_the_grid_octo_checkerflower, minmay_the_grid_octo_teeth,
          minmay_the_grid_octo_prize_single_spiral,
          minmay_the_grid_square_5x5_inner_i,
          minmay_the_grid_square_5x5_minibox,
          minmay_the_grid_square_5x5_tri_point, minmay_the_grid_square_5x5_z],
          layout_rooms
D:14:     layout_irregular_city, erik_vaults_1, chequers_serial_rivers_large_b
D:15:     hangedman_depths_entry_civil_slaughter, layout_rooms,
          chequers_serial_rivers_micro_a, zin_purify
Temple:   nicolae_temple_hex_pool
Lair:1:   layout_cave_shapes, chequers_serial_rivers_micro_a, minivault_19,
          eino_small_chamber_without_monster, serial_bayou_lagoon_b, uniq_sonja
Lair:2:   layout_cave_pods, palyth_hydra_swamp_entry,
          guppyfry_snake_entry_garden, columned_hall_lemuel, grunt_megastairs_4,
          uniq_urug, uniq_gastronok
Lair:3:   layout_big_grid, minmay_stone_trees_small, grunt_megastairs_5,
          uniq_snorg
Lair:4:   wad_woods_minihive, layout_layer_cave
Lair:5:   layout_cave_pods, beast_lair_carwin_3, lemuel_fruit_tree,
          minmay_lair_oklob_chamber, infiniplex_staircase_pool_2
Lair:6:   cheibrodos_lair_end_hotspot, layout_layer_cave,
          minmay_slime_entry_oklob_open, gauntlet_entry_generic, uniq_rupert
Swamp:1:  layout_falls_marsh, evilmike_swamp_ruin_house_4, swamp_pool3
Orc:1:    layout_diamond_mine, serial_shops, nicolae_square_shop
Orc:2:    grunt_orc_gardens, layout_caves, grunt_orc_garden, grunt_orc_garden,
          grunt_orc_garden, grunt_orc_garden, gammafunk_ghost_cemetery,
          basic_altar, minmay_shop_mayhem, nicolae_alphabet_shops,
          uniq_josephine
Elf:1:    minmay_elf_arrival_plus, layout_geoelf_octagon,
          portal_desolation_entry_holy_temple, minmay_elf_annihilation
Depths:1: layout_cave_pools, hell_entry, okawaru_ov_weapons_minmay, st_stairs_3,
          serial_sigils_hangedman_quiver, lemuel_flames_and_gold,
          serial_bayou_shore_b, uniq_nikola, uniq_saint_roka, uniq_enchantress

Skill      XL: |  1  2  3  4  5  6  7  8  9 10 11 12 13 14 15 16 |
---------------+-------------------------------------------------+-----
Fighting       | 4 5 7 10 11 | 11.5
Axes           | 5 6 7 9 11 13 16 17 20 | 20.4
Armour         | 3 11 13 17 | 17.2
Invocations    | 8 9 11 13 | 13.1
Dodging        | 4 6 7 |  7.7
Shields        | 5 9 13 15 | 15.0
Stealth        | |  1.6

Action                   |  1- 3 |  4- 6 |  7- 9 | 10-12 | 13-15 | 16-18 || total
-------------------------+-------+-------+-------+-------+-------+-------++-------
Melee: Hand axe          |   148 |    71 |       |       |       |       ||   219
       War axe           |       |    43 |   142 |   416 |   863 |   403 ||  1867
       Broad axe         |       |       |       |       |    53 |    28 ||    81
       Executioner's axe |       |       |       |       |       |    26 ||    26
Throw: Javelin           |     2 |     5 |     5 |     1 |       |       ||    13
Invok: Donate Gold       |     1 |       |       |       |     2 |       ||     3
       Recite            |       |     1 |     2 |    11 |     7 |     6 ||    27
       Vitalisation      |       |       |       |     1 |       |     1 ||     2
Evoke: Wand              |       |       |       |     3 |     3 |     4 ||    10
  Use: Scroll            |       |     1 |     9 |     9 |    15 |     5 ||    39
       Potion            |       |       |     2 |     6 |     3 |     5 ||    16
 Stab: Sleeping          |     3 |     1 |       |       |       |       ||     4
       Confused          |       |     4 |     2 |     3 |     3 |     9 ||    21
       Distracted        |       |     1 |     1 |     7 |    25 |    11 ||    45
       Paralysed         |       |       |       |     8 |     1 |     3 ||    12
       Invisible         |       |       |       |     2 |       |     6 ||     8
       Petrified         |       |       |       |       |     4 |       ||     4
Armor: Robe              |     1 |       |       |       |       |       ||     1
       Ring mail         |    37 |    27 |       |       |       |       ||    64
       Plate armour      |       |    24 |    62 |   246 |   402 |   163 ||   897
Dodge: Dodged            |    82 |    24 |     3 |    98 |   244 |   134 ||   585
       Repelled          |       |       |       |     1 |     2 |       ||     3
Block: Kite shield       |       |    32 |    36 |   171 |   460 |   192 ||   891
